 Dungeon Sprint DCSS version 0.18-a0-1350-g404b4cb (webtiles) character file.

1656 Kidiri the Covert (level 8, -4/42 HPs)
             Began as a Spriggan Enchanter on Feb 18, 2016.
             Was an Initiate of Dithmenos.
             Slain by a tentacle (22 damage)
             ... attached to a kraken
             ... in the Dungeon (Sprint II: "The Violet Keep of Menkaure").
             The game lasted 00:06:43 (2043 turns).

Kidiri the Covert (Spriggan Enchanter)              Turns: 2043, Time: 00:06:43

Health: -4/42      AC:  9    Str:  4    XL:     8   Next: 68%
Magic:  4/23       EV: 27    Int: 18    God:    Dithmenos [......]
Gold:   203        SH:  0    Dex: 17    Spells: 8 memorised, 4 levels left

rFire  . . .     SeeInvis +     C - +1 dagger (protect)
rCold  . . .     Gourm    .     b - +1 robe
rNeg   . . .     Faith    .     (shield restricted)
rPois  +         Spirit   .     (helmet restricted)
rElec  .         Dismiss  .     D - +0 cloak
rCorr  .         Reflect  .     (gloves unavailable)
SustAt .         Harm     .     (boots unavailable)
MR     +....     NoTele   +     f - amulet of magic regeneration
Stlth  ++++++....               (no ring)
                                B - ring of poison resistance

@: very quick, somewhat resistant to hostile enchantments, very stealthy
A: unfitting armour, see invisible, herbivore 3, speed 3, slow metabolism 2
a: Renounce Religion


You were in the Dungeon.
You worshipped Dithmenos.
Dithmenos was noncommittal.
You were not hungry.

You visited 1 branch You collected 1178 gold pieces.
You spent 975 gold pieces at shops.

Inventory:

Hand Weapons
 a - a +1 dagger
 C - a +1 dagger of protection (weapon)
Missiles
 t - a throwing net (quivered)
Armour
 b - a +1 robe (worn)
 D - a +0 cloak (worn)
Jewellery
 f - an amulet of magic regeneration (around neck)
 B - a ring of poison resistance (left hand)
Scrolls
 j - 2 scrolls of blinking
 m - a scroll of immolation {unknown}
 n - 3 scrolls of remove curse
 p - 2 scrolls of identify
 q - 2 scrolls of fog {unknown}
 u - a scroll of fear {unknown}
 v - a scroll of random uselessness {unknown}
 w - a scroll of enchant armour {unknown}
 y - a scroll of enchant weapon {unknown}
Potions
 e - a potion of curing
 g - a potion of haste
 h - 5 potions of magic
 i - a potion of berserk rage
 l - a potion of degeneration {unknown}
 o - 2 potions of mutation {unknown}
 r - a potion of lignification {unknown}
 s - a potion of heal wounds
 x - 3 potions of resistance
 z - 3 potions of flight
 A - a potion of agility {unknown}
Books
 c - a book of Maledictions

   Spells                             Type                      Level
   a - Corona                         Hexes                        1
   b - Ensorcelled Hibernation        Hexes/Ice                    2
   c - Confuse                        Hexes                        3
   d - Tukima's Dance                 Hexes                        3
   e - Dazzling Spray                 Conjuration/Hexes            3
 k - a book of Burglary

   Spells                             Type                      Level
   a - Swiftness                      Charms/Air                   2
   b - Passwall                       Transmutation/Earth          2
   c - Passage of Golubria            Translocation                4
   d - Lee's Rapid Deconstruction     Earth                        5
   e - Darkness                       Hexes                        6
   f - Invisibility                   Hexes                        6
Comestibles
 d - a bread ration


   Skills:
 + Level 4.2 Fighting
 * Level 8.7 Short Blades
 + Level 4.1 Armour
 * Level 11.5 Dodging
 * Level 12.4 Stealth
 * Level 10.0 Spellcasting
 + Level 3.4 Conjurations
 + Level 7.5 Hexes
 + Level 0.0 Translocations
 + Level 0.0 Transmutations
 + Level 3.6 Ice Magic
 + Level 0.0 Earth Magic
 + Level 0.0 Invocations


You had 4 spell levels left.
You knew the following spells:

 Your Spells              Type           Power        Failure   Level  Hunger
a - Corona                Hex            #####..      1%          1    None
b - Ensorcelled Hibernat  Hex/Ice        ####..       1%          2    None
c - Confuse               Hex            #####...     1%          3    None
d - Tukima's Dance        Hex            #####...     1%          3    None
e - Dazzling Spray        Conj/Hex       ####....     2%          3    None
f - Passwall              Trmt/Erth      #.........   12%         2    None
g - Passage of Golubria   Tloc           N/A          78%         4    ###....
h - Lee's Rapid Deconstr  Erth           #.........   99%         5    #####..


Dungeon Overview and Level Annotations

Branches:
Dungeon (1/1)

Altars:
Cheibriados
Dithmenos
Elyvilon
Fedhas
Gozag
Kikubaaqudgha
Makhleb
Nemelex Xobeh
Okawaru
Pakellas
Qazlal
Ru
Sif Muna
Trog
Vehumet
Xom
Yredelemnul
Zin
The Shining One
Beogh
Jiyva
Lugonu

Shops:
D :!!(%=}:[=[%}[!?

Annotations:
D exclusion: oklob plant


Innate Abilities, Weirdness & Mutations

You are tiny and cannot use many weapons and most armour.
You have supernaturally acute eyesight.
You are an herbivore.
You cover ground extremely quickly.
You need consume almost no food.


Message History

The tentacle segment is dazzled.
The tentacle completely misses you. The tentacle slaps you.
Unknown command.
Casting: Dazzling Spray
Confirm with . or Enter, or press ? or * to list all spells.
Aiming: Dazzling Spray
Press: ? - help, Shift-Dir - straight line, f/p - tentacle
Aim: a tentacle (heavily wounded)
The spray of energy hits the tentacle.
The tentacle is heavily wounded.
The tentacle is dazzled.
The spray of energy hits the tentacle segment.
The tentacle segment is severely wounded.
The tentacle barely misses you. The tentacle completely misses you.
Unknown command.
You hit the tentacle but do no damage.
The tentacle is severely wounded.
The tentacle slaps you!!
Ouch! That really hurt!
You die...

+.§.▓0..▓
#..§▓▓▓▓▓▓▓▓▓▓
#.§§▓≈≈≈≈≈≈§≈▓▓
#§=▓▓▓▓▓▓▓▓▓▓▓
#="▓(...(...▓▓ #.
#|[▓(.(..([.▓▓
+.##.#:§▓[.(..%..▓▓
...####▓.).[....▓▓
#..##.#▓....(.@.▓▓
+..#..#▓...)...w▓▓
#..#)%#▓)...()(│▓▓
###..##%#▓..(..)│.▓▓
.###.^.##▓▓▓▓▓▓▓│▓▓▓▓+▓
...≈≈≈(≈≈≈≈≈≈≈≈≈.─*Xw≈▓
...≈#+########+###w≈≈≈▓
≈..≈#....._._#≈§§##≈≈≈▓
§≈.≈#...._._.#§t≈§####▓


You could see a kraken and 2 tentacles.

Vanquished Creatures
  A yaktaur (D)
  3 polar bears (D)
  2 boulder beetles (D)
  2 hippogriffs (D)
  Menkaure (D)
  A wasp (D)
  4 worker ants (D)
  A hell rat (D)
  3 worms (D)
  A tentacle (D)
19 creatures vanquished.

Vanquished Creatures (others)
  A crocodile (D)
  8 tentacles (D)
  429 tentacle segments (D)
438 creatures vanquished.

Grand Total: 457 creatures vanquished

Notes
Turn   | Place    | Note
--------------------------------------------------------------
     0 | D        | Kidiri the Spriggan Enchanter began the quest for the Orb.
     0 | D        | Reached XP level 1. HP: 9/9 MP: 5/5
    18 | D        | Noticed an ice statue
    21 | D        | Reached skill level 5 in Stealth
    21 | D        | Reached XP level 2. HP: 14/14 MP: 5/7
    23 | D        | Noticed Menkaure
    24 | D        | Found Pikom's Magic Scroll Shoppe.
    25 | D        | Killed Menkaure
    25 | D        | Reached skill level 1 in Fighting
    25 | D        | Reached skill level 1 in Armour
    25 | D        | Reached skill level 6 in Dodging
    25 | D        | Reached skill level 7 in Stealth
    25 | D        | Reached skill level 5 in Spellcasting
    25 | D        | Reached skill level 5 in Hexes
    25 | D        | Reached XP level 3. HP: 16/18 MP: 6/11
    25 | D        | Reached XP level 4. HP: 20/23 MP: 6/12
    38 | D        | Learned a level 2 spell: Ensorcelled Hibernation
    42 | D        | Learned a level 3 spell: Confuse
    46 | D        | Learned a level 3 spell: Tukima's Dance
    50 | D        | Learned a level 3 spell: Dazzling Spray
    76 | D        | Noticed a hippogriff
    76 | D        | Noticed a hippogriff
    84 | D        | Reached XP level 5. HP: 26/26 MP: 14/14
    86 | D        | Reached skill level 8 in Stealth
   113 | D        | Reached skill level 5 in Short Blades
   113 | D        | Reached skill level 1 in Conjurations
   113 | D        | Reached skill level 1 in Ice Magic
   138 | D        | Killed a hippogriff
   138 | D        | Reached skill level 9 in Stealth
   138 | D        | Reached XP level 6. HP: 30/32 MP: 3/17
   141 | D        | Killed a hippogriff
   141 | D        | Reached skill level 10 in Stealth
   253 | D        | Noticed a boulder beetle
   253 | D        | Noticed a boulder beetle
   257 | D        | HP: 1/32 [boulder beetle (31)]
   683 | D        | Killed a boulder beetle
   683 | D        | Reached XP level 7. HP: 15/36 MP: 11/19
  1233 | D        | Killed a boulder beetle
  1233 | D        | Reached skill level 10 in Dodging
  1233 | D        | Reached skill level 11 in Stealth
  1249 | D        | Noticed a flying skull
  1249 | D        | Noticed a flying skull
  1249 | D        | Noticed a flying skull
  1249 | D        | Noticed a flying skull
  1250 | D        | Noticed a flying skull
  1250 | D        | Noticed a flying skull
  1251 | D        | Noticed a flying skull
  1251 | D        | Noticed a flying skull
  1253 | D        | Found Toigibb's Distillery.
  1254 | D        | Found Koyboexe's Gadget Shoppe.
  1255 | D        | Found Sauc's Jewellery Shoppe.
  1255 | D        | Found Nitenarr's Antique Armour Emporium.
  1255 | D        | Found Yfoiffof's Book Shoppe.
  1269 | D        | Found Dagausef's Jewellery Emporium.
  1269 | D        | Found Yzypp's Food Shoppe.
  1289 | D        | Found Zusana's Food Shoppe.
  1289 | D        | Found Foskosor's Antique Weapon Emporium.
  1290 | D        | Found Xuohab's Distillery.
  1290 | D        | Found Toukla's Distillery.
  1290 | D        | Found Xakyg's Armour Shoppe.
  1290 | D        | Found Jetsilye's Gadget Emporium.
  1291 | D        | Found Rotan's Antique Armour Emporium.
  1293 | D        | Noticed a redback
  1293 | D        | Noticed a redback
  1293 | D        | Noticed an oklob plant
  1294 | D        | Found Joklul's Book Shoppe.
  1296 | D        | Noticed a death yak
  1298 | D        | Noticed a shining eye
  1333 | D        | Found a stormy altar of Qazlal.
  1334 | D        | Found a shimmering altar of Xom.
  1335 | D        | Found a radiant altar of Vehumet.
  1335 | D        | Found a basalt altar of Yredelemnul.
  1335 | D        | Found a viscous altar of Jiyva.
  1336 | D        | Found a corrupted altar of Lugonu.
  1336 | D        | Found a glowing silver altar of Zin.
  1336 | D        | Found a glowing golden altar of the Shining One.
  1337 | D        | Found a deep blue altar of Sif Muna.
  1337 | D        | Found a shadowy altar of Dithmenos.
  1337 | D        | Found a sacrificial altar of Ru.
  1338 | D        | Found a white marble altar of Elyvilon.
  1338 | D        | Found an iron altar of Okawaru.
  1339 | D        | Found an opulent altar of Gozag.
  1339 | D        | Found a sparkling altar of Nemelex Xobeh.
  1339 | D        | Found an ancient bone altar of Kikubaaqudgha.
  1424 | D        | Noticed a yaktaur
  1424 | D        | Noticed a polar bear
  1425 | D        | Noticed a polar bear
  1425 | D        | Noticed a polar bear
  1426 | D        | Killed a polar bear
  1426 | D        | Reached XP level 8. HP: 40/42 MP: 22/22
  1441 | D        | Killed a polar bear
  1453 | D        | Killed a yaktaur
  1453 | D        | Reached skill level 12 in Stealth
  1455 | D        | Killed a polar bear
  1455 | D        | Reached skill level 10 in Spellcasting
  1471 | D        | Found an oddly glowing altar of Pakellas.
  1504 | D        | Bought a book of Burglary for 975 gold pieces
  1507 | D        | Learned a level 2 spell: Passwall
  1512 | D        | Learned a level 4 spell: Passage of Golubria
  1518 | D        | Learned a level 5 spell: Lee's Rapid Deconstruction
  1555 | D        | Found a snail-covered altar of Cheibriados.
  1555 | D        | Found a blossoming altar of Fedhas.
  1555 | D        | Found a burning altar of Makhleb.
  1556 | D        | Found a bloodstained altar of Trog.
  1556 | D        | Found a roughly hewn altar of Beogh.
  1568 | D        | Became a worshipper of Dithmenos the Shadowed
  1586 | D        | Noticed a kraken
  2043 | D        | Slain by a tentacle

Vault maps used:
D:        the_violet_keep_of_menkaure

Action                   |  1- 3 |  4- 6 |  7- 9 || total
-------------------------+-------+-------+-------++-------
Melee: Dagger            |     4 |    17 |    39 ||    60
 Cast: Ensorcelled Hiber |       |     8 |     9 ||    17
       Dazzling Spray    |       |     1 |     9 ||    10
       Confuse           |       |     1 |     8 ||     9
  Use: Potion            |       |     1 |       ||     1
       Scroll            |       |       |     3 ||     3
 Stab: Sleeping          |     4 |     7 |     3 ||    14
       Invisible         |       |     2 |       ||     2
       Confused          |       |     2 |     7 ||     9
